Map: Dusk Towers

Players

MorN

  • Race: Terran Terran
  • League: Master

Apocalypse - Winner!

  • Race: Protoss Protoss
  • League: Master

VOD

Have the link to the VOD?

Description

Time

  • Played on: Dec. 4, 2015, 7:22 p.m.
  • Length: 27:47
Show
View Real Time Build Order
Export as new Build Order

MorN Terran 

Build Orders: MMM Bio 

Get SALT Encoding   

  12  0:00  SCV  
  13  0:13  SCV  
  14  0:17  Supply Depot  
  14  0:25  SCV  
  15  0:39  SCV  
  15  0:41  Barracks  
  16  0:48  Refinery  
  16  0:51  SCV  
  17  1:03  SCV  
  18  1:15  SCV  
  19  1:28  Marine, Orbital Command  
  20  1:41  Command Center  
  20  1:52  Factory  
  20  1:55  SCV  
  21  2:05  Supply Depot, Marine  
  22  2:08  SCV  
  23  2:26  SCV, Marine  
  25  2:39  Barracks  
  25  2:41  Factory Tech Lab  
  25  2:45  SCV  
  25  2:48  Refinery  
  26  2:54  Orbital Command  
  26  2:57  SCV  
  27  3:01  Cyclone  
  27  3:03  Engineering Bay  
  30  3:09  SCV  
  30  3:10  Marine  
  31  3:23  SCV  
  31  3:24  SCV  
  33  3:28  Marine  
  34  3:38  SCV x2  
  36  3:42  Stimpack  
  36  3:44  Terran Infantry Weapons Level 1  
  36  3:51  Command Center, SCV x2  
  36  3:52  Factory Reactor  
  38  4:01  Barracks Tech Lab  
  38  4:02  Supply Depot  
  38  4:03  SCV, Refinery  
  38  4:04  SCV  
  40  4:13  Marine  
  40  4:15  SCV  
  40  4:16  SCV  
  43  4:18  Barracks  
  43  4:21  Combat Shields  
  43  4:27  SCV  
  43  4:29  Supply Depot  
  44  4:31  SCV  
  44  4:36  Refinery  
  45  4:40  Factory Reactor  
  45  4:41  SCV, Starport  
  46  4:49  SCV, Marauder x2  
  51  4:55  SCV  
  52  5:02  SCV  
  52  5:06  Orbital Command  
  53  5:07  SCV  
  53  5:11  Marauder x2  
  53  5:12  Marine  
  53  5:13  Marine  
  53  5:14  SCV  
  61  5:19  SCV, Supply Depot  
  62  5:28  Medivac x2  
  65  5:29  Factory Reactor  
  62  5:44  Marine x2  
  62  5:45  Marauder  
  62  5:47  Marine  
  64  5:59  SCV x2  
  64  6:02  Orbital Command, Marine  
  65  6:05  Marine  
  65  6:06  Medivac  
  65  6:11  SCV  
  68  6:16  SCV  
  69  6:21  Marauder  
  69  6:22  Marauder  
  69  6:23  SCV  
  74  6:29  SCV  
  74  6:31  SCV  
  76  6:33  Terran Infantry Armor Level 1  
  76  6:35  SCV  
  76  6:36  Engineering Bay  
  76  6:39  Armory  
  77  6:41  SCV  
  77  6:43  Medivac  
  77  6:44  SCV  
  77  6:46  Refinery  
  81  6:47  SCV  
  81  6:50  Supply Depot x2  
  81  6:52  Supply Depot  
  81  6:53  SCV  
  66  7:22  Marine  
  66  7:23  Marauder, Marine  
  66  7:24  Widow Mine x2, Medivac x2, Marauder  
  80  7:30  SCV  
  80  7:31  SCV x2  
  83  7:43  SCV  
  81  7:45  Marauder x2  
  81  7:46  Terran Infantry Weapons Level 2  
  81  7:48  SCV x2  
  81  7:49  Bunker  
  81  7:50  Bunker  
  87  7:52  Bunker, Widow Mine x2  
  87  7:55  Liberator  
  87  7:58  Barracks  
  91  7:59  Barracks  
  91  8:02  Marine  
  91  8:03  Marine  
  93  8:06  Marauder x2  
  97  8:17  Concussive Shells  
  100  8:21  Widow Mine x2  
  100  8:22  Marine x2  
  106  8:28  SCV, Marauder  
  106  8:32  Command Center  
  106  8:33  Terran Infantry Armor Level 2  
  109  8:36  Supply Depot  
  109  8:37  Supply Depot  
  109  8:38  Supply Depot x3  
  109  8:50  Barracks Reactor, Barracks Tech Lab  
  109  8:58  SCV x3, Marauder, Marine x3  
  117  9:10  SCV x3, Widow Mine x2  
  117  9:11  Marauder  
  117  9:15  Marine x2  
  117  9:16  Marauder  
  130  9:19  Supply Depot, Marauder, Terran Vehicle Weapons Level 1  
  130  9:22  SCV x2  
  134  9:32  Marauder  
  134  9:33  Marine x2  
  134  9:37  Marauder  
  138  9:40  Marine x2  
  138  9:41  Marauder  
  140  9:48  Command Center  
  140  9:51  Barracks  
  140  9:52  Refinery, Barracks  
  140  9:53  Planetary Fortress, Barracks, Marauder  
  140  9:56  Marine x2  
  140  9:59  Liberator, Marauder  
  85  10:00  Liberator  
  146  10:02  Marauder  
  140  10:07  Marine x2  
  135  10:14  Marine x2  
  135  10:15  Marauder  
  135  10:20  Marauder  
  145  10:24  Marauder  
  145  10:25  Marine x2  
  145  10:27  Widow Mine x2  
  149  10:32  Marine x2  
  149  10:33  Supply Depot x2  
  149  10:34  Supply Depot  
  151  10:36  Marauder  
  151  10:41  Marauder, Fusion Core  
  151  10:42  Starport, Liberator  
  155  10:43  Marine x2  
  155  10:45  Marauder  
  161  10:50  Marine x2  
  161  10:56  Barracks Tech Lab  
  161  10:57  Barracks Tech Lab, Marauder  
  161  10:59  Barracks Reactor  
  161  11:01  Marine x2  
  161  11:02  Viking  
  161  11:03  Marauder  
  172  11:06  Marauder  
  172  11:07  Marine  
  175  11:12  Marine  
  176  11:19  Marauder, Marine  
  176  11:24  Marauder  
  180  11:26  Starport Reactor  
  180  11:27  Orbital Command, Starport Tech Lab  
  180  11:29  SCV x2, Marine x2  
  180  11:30  Marauder  
  180  11:32  Viking  
  185  11:33  Marine x2  
  185  11:34  Marine  
  185  11:36  Marine  
  185  11:37  Marine x2  
  191  11:40  Marauder  
  191  11:46  Marauder  
  118  12:15  Marine x2  
  120  12:16  Marauder x2  
  120  12:22  Advanced Ballistics  
  97  12:43  Marauder, Marine x2  
  97  12:44  Marauder x4, Marine x3  
  86  12:49  Marine  
  89  12:52  Medivac x2  
  93  13:00  Marine  
  93  13:02  Missile Turret  
  93  13:05  Marauder x2  
  98  13:10  Liberator  
  98  13:11  Marine x3  
  98  13:12  Terran Infantry Weapons Level 3, Marauder x2  
  104  13:16  Marine x2  
  105  13:31  Refinery  
  105  13:33  Refinery  
  108  13:41  SCV x2  
  110  13:46  Orbital Command  
  109  14:01  Marauder, Marine x3  
  109  14:02  Marauder  
  114  14:11  Marauder, Marine x2  
  118  14:18  Missile Turret  
  118  14:19  Marine x2  
  120  14:31  Marine x3  
  122  14:36  Marine x2  
  118  14:49  Marine x2  
  118  14:50  Marauder  
  122  14:54  Marine  
  122  14:59  SCV  
  124  15:00  SCV  
  124  15:06  Marine x2  
  127  15:07  Marine  
  127  15:12  SCV  
  127  15:13  SCV  
  130  15:18  Marine x2  
  130  15:19  Marauder  
  128  15:23  Liberator x2  
  128  15:25  SCV x2  
  128  15:26  SCV x2  
  132  15:28  Marine  
  134  15:58  Orbital Command  
  134  16:09  Marauder x2, Marine x2  
  134  16:10  Marauder  
  139  16:26  Medivac  
  141  16:43  Marine x2  
  141  16:44  Marauder x3  
  141  16:45  Marauder x2  
  153  16:58  Marine  
  153  16:59  Marine x2  
  151  17:05  Marauder  
  151  17:06  Marauder x4  
  147  17:09  Marine x2  
  147  17:10  Marine  
  147  17:15  Terran Infantry Armor Level 3  
  150  17:16  Marine  
  150  17:19  Refinery  
  151  17:39  Marine  
  151  17:40  Marauder  
  154  17:55  Orbital Command  
  148  18:03  Marine x2  
  148  18:04  Marauder x2  
  148  18:05  Marine x2  
  130  18:06  Marauder  
  102  18:16  Marine x2  
  102  18:17  Marauder x2  
  103  18:21  SCV x2  
  103  18:25  Marauder x2  
  109  18:33  Marine x2  
  109  18:34  Marauder  
  113  18:37  Medivac  
  115  18:53  Marine x2  
  115  18:54  Marauder  
  99  19:06  Marine  
  99  19:07  Marauder, Marine x2  
  99  19:08  Marauder  
  90  19:12  Marine x2  
  78  19:24  Marine x3  
  78  19:25  Marauder  
  78  19:26  Marine  
  78  19:29  Marine  
  85  19:44  Marauder, Marine x2  
  89  19:50  Orbital Command  
  89  19:53  Marine  
  89  19:54  Marine  
  87  20:05  Marine x3  
  80  20:08  Marine x2  
  79  20:21  Marine x3  
  68  20:23  Marine x2  
  66  20:32  Marine x3  
  65  20:40  Marine x2  
  59  20:54  Marauder x2  
  63  21:28  Marine  
  63  21:29  Marauder, Marine x2  
  63  21:30  Marauder x2  
  72  21:38  Marauder  
  74  21:40  Medivac  
  74  21:44  Medivac  
  78  21:50  Marine x2  
  78  21:51  Marauder  
  81  22:00  Marauder x2  
  84  22:08  SCV x3  
  87  22:20  SCV  
  87  22:29  Marine x2  
  86  22:30  Marauder x2  
  86  22:31  Marine x2  
  86  22:32  Marauder  
  86  22:33  Marauder, Marine x2  
  86  22:34  Marauder  
  101  22:47  Marine x2  
  102  22:52  Marauder x2  
  102  22:53  Marauder  
  102  22:55  Marauder x2  
  112  22:59  Marine x2  
  106  23:13  Marauder x2  
  106  23:14  Marauder  
  106  23:16  Marauder x2  
  106  23:17  Marine x2  
  86  23:22  Marine x2  
  82  23:34  Marauder x2  
  82  23:36  Marauder  
  82  23:38  Marauder x2  
  86  23:55  Marine x2  
  77  23:56  Marauder x2  
  77  23:57  Marauder  
  77  23:59  Marauder x2  
  77  24:02  Orbital Command  
  83  24:06  Medivac  
  82  24:26  Widow Mine  
  82  24:27  Widow Mine  
  77  24:46  Marine x8  
  77  24:47  Refinery, Marine x3  
  77  24:48  Refinery  
  88  24:53  SCV x2  
  88  24:54  SCV  
  91  25:03  Marine  
  91  25:04  Marine x2  
  91  25:05  SCV  
  91  25:06  SCV  
  97  25:07  SCV  
  92  25:16  Marauder, Marine x2  
  92  25:17  SCV  
  92  25:18  SCV  
  92  25:19  SCV  
  84  25:33  Marauder x2  
  88  25:36  Marauder  
  90  25:49  Marauder x2  
  92  25:53  Marine x2  
  92  25:55  Marauder  
  85  25:57  Marauder x2  
  85  26:00  SCV x2  
  86  26:06  Marine  
  86  26:11  SCV, Marauder  
  89  26:12  SCV  
  89  26:18  Marine  
  82  26:50  Marine x2  
  82  26:51  Marauder  
  82  26:52  Medivac x2  
  85  26:58  Medivac  
  87  27:09  Orbital Command  
Show
View Real Time Build Order
Export as new Build Order

Apocalypse Protoss - Winner!

Build Orders: 1 Gate Expand 

Get SALT Encoding   

  12  0:01  Probe (Chrono Boost)  
  13  0:11  Probe (Chrono Boost)  
  14  0:17  Pylon  
  14  0:22  Probe (Chrono Boost)  
  16  0:35  Probe (Chrono Boost)  
  16  0:36  Gateway  
  16  0:42  Assimilator  
  16  0:46  Probe (Chrono Boost)  
  17  0:57  Probe (Chrono Boost)  
  18  1:07  Probe (Chrono Boost)  
  19  1:18  Probe (Chrono Boost)  
  20  1:24  Nexus  
  20  1:28  Probe (Chrono Boost)  
  21  1:37  Cybernetics Core  
  22  1:40  Probe (Chrono Boost)  
  22  1:46  Pylon  
  22  1:50  Probe (Chrono Boost)  
  23  2:04  Probe (Chrono Boost)  
  24  2:09  Assimilator  
  24  2:13  Adept  
  24  2:14  Warp Gate  
  24  2:15  Probe (Chrono Boost)  
  27  2:18  Forge  
  27  2:26  Mothership Core (Chrono Boost)  
  29  2:40  Probe (Chrono Boost)  
  29  2:42  Adept  
  32  2:44  Probe (Chrono Boost)  
  32  2:49  Probe (Chrono Boost)  
  32  2:50  Protoss Ground Armor Level 1 (Chrono Boost)  
  34  2:55  Probe  
  35  2:59  Probe  
  36  3:07  Probe  
  36  3:09  Adept  
  36  3:11  Probe  
  39  3:15  Robotics Facility  
  39  3:19  Probe  
  41  3:22  Probe, Pylon  
  42  3:31  Probe  
  42  3:33  Probe  
  43  3:36  Adept  
  46  3:43  Probe  
  46  3:44  Gateway  
  46  3:46  Gateway, Probe  
  48  3:55  Twilight Council, Probe  
  48  4:01  Pylon  
  49  4:04  Warp Prism (Chrono Boost)  
  49  4:05  Probe  
  49  4:08  Probe  
  53  4:14  Protoss Ground Armor Level 2 (Chrono Boost)  
  53  4:16  Assimilator  
  53  4:17  Probe  
  53  4:18  Assimilator  
  53  4:20  Probe  
  55  4:27  Pylon  
  55  4:29  Probe  
  56  4:32  Probe  
  56  4:37  Sentry  
  63  4:46  Immortal (Chrono Boost)  
  63  4:49  Probe x2  
  65  4:58  Resonating Glaives (Chrono Boost)  
  65  5:03  Probe, Nexus  
  65  5:04  Probe  
  67  5:07  Sentry  
  67  5:11  Pylon  
  67  5:13  Pylon  
  69  5:29  Immortal  
  71  5:44  Probe x2  
  73  5:51  Adept  
  73  5:52  Adept x2  
  73  5:56  Probe  
  80  5:57  Pylon  
  80  5:59  Pylon  
  72  6:05  Probe  
  72  6:08  Probe  
  72  6:10  Immortal, Protoss Ground Armor Level 3  
  78  6:13  Sentry x3  
  78  6:14  Gateway  
  78  6:15  Probe  
  78  6:16  Gateway  
  78  6:17  Probe  
  86  6:19  Gateway  
  86  6:20  Probe  
  86  6:22  Gateway  
  86  6:25  Gateway  
  87  6:26  Probe  
  87  6:29  Probe  
  89  6:33  Probe  
  89  6:38  Robotics Bay  
  90  6:42  Probe, Assimilator  
  90  6:43  Probe  
  90  6:45  Assimilator  
  92  6:50  Blink (Chrono Boost)  
  92  6:57  Probe  
  92  6:59  Probe x2  
  99  7:02  Pylon  
  99  7:08  Adept  
  99  7:09  Stalker x2  
  101  7:24  Probe x2  
  101  7:28  Robotics Facility  
  103  7:30  Robotics Facility  
  103  7:31  Adept x4, Pylon x2  
  103  7:33  Adept  
  113  7:49  Photon Cannon  
  113  7:53  Nexus  
  113  7:54  Photon Cannon  
  113  7:56  Pylon  
  113  7:58  Gravitic Drive  
  113  8:01  Stalker  
  113  8:02  Stalker x2  
  119  8:16  Forge  
  119  8:17  Disruptor (Chrono Boost)  
  119  8:18  Disruptor (Chrono Boost), Pylon  
  125  8:26  Sentry  
  127  8:28  Adept  
  127  8:34  Charge  
  129  8:37  Photon Cannon  
  129  8:39  Photon Cannon  
  129  8:42  Probe x3  
  129  8:47  Protoss Ground Weapons Level 1 (Chrono Boost)  
  132  8:49  Disruptor (Chrono Boost)  
  132  8:51  Disruptor (Chrono Boost)  
  132  8:54  Probe  
  139  8:58  Protoss Shields Level 1 (Chrono Boost)  
  139  9:11  Stalker x5  
  139  9:12  Stalker  
  139  9:15  Assimilator  
  151  9:23  Pylon, Assimilator  
  151  9:24  Pylon  
  151  9:25  Stalker  
  151  9:28  Colossus  
  151  9:29  Colossus  
  156  9:49  Photon Cannon  
  156  9:50  Probe x2  
  158  9:55  Photon Cannon  
  158  9:56  Photon Cannon  
  158  10:00  Photon Cannon  
  148  10:18  Warp Prism  
  148  10:20  Zealot  
  148  10:21  Zealot x6  
  158  10:27  Warp Prism  
  164  10:31  Pylon  
  164  10:33  Pylon  
  164  10:35  Gateway, Protoss Ground Weapons Level 2 (Chrono Boost)  
  164  10:47  Colossus  
  164  10:54  Protoss Shields Level 2 (Chrono Boost)  
  170  11:02  Colossus  
  176  11:09  Gateway  
  176  11:11  Gateway  
  176  11:14  Gateway  
  176  11:16  Gateway  
  176  11:32  Dark Shrine  
  176  11:38  Observer, Zealot  
  176  11:39  Zealot x6  
  155  12:02  Colossus, Zealot x4  
  155  12:03  Zealot x3  
  118  12:09  Colossus  
  118  12:14  Adept x2  
  118  12:15  Adept x2  
  122  12:27  Adept  
  122  12:28  Adept x7  
  124  12:39  Zealot x4  
  116  13:04  Zealot  
  116  13:05  Dark Templar, Zealot  
  114  13:06  Dark Templar x4  
  114  13:07  Zealot x4  
  114  13:10  Dark Templar x2  
  114  13:11  Dark Templar x3  
  114  13:12  Zealot x4  
  124  13:14  Immortal  
  124  13:20  Templar Archives  
  124  13:37  Stalker  
  124  13:38  Stalker x4  
  130  13:56  Stalker  
  130  13:57  Stalker x3  
  130  13:59  High Templar x3  
  140  14:10  Immortal  
  140  14:15  Immortal  
  148  14:21  Psionic Storm  
  148  14:24  High Templar x2  
  148  14:26  High Templar  
  148  14:28  Archon  
  148  14:29  Archon  
  148  14:31  Archon  
  146  14:55  High Templar  
  146  14:56  High Templar x6  
  160  15:00  Archon x3  
  160  15:02  High Templar  
  160  15:06  Archon  
  162  15:11  Nexus, Zealot x4  
  170  15:23  Probe x2  
  170  15:25  Pylon  
  172  15:30  Stalker  
  172  15:31  Stalker  
  172  15:32  Stalker x3  
  182  15:44  Zealot x5  
  176  16:26  Protoss Ground Weapons Level 3 (Chrono Boost), Protoss Shields Level 3 (Chrono Boost)  
  176  16:31  High Templar x4  
  182  16:33  Zealot x4  
  182  16:34  Zealot x3  
  196  16:43  Nexus  
  196  17:16  Nexus  
  196  17:18  Pylon  
  196  17:27  Pylon  
  196  17:29  Pylon  
  196  17:31  Pylon  
  190  17:43  Immortal  
  188  17:47  Immortal  
  102  18:13  High Templar x4  
  102  18:14  Zealot, High Templar  
  102  18:15  Zealot x5  
  106  18:28  Colossus  
  112  18:35  Assimilator  
  112  18:39  Adept x2  
  112  18:40  Assimilator  
  108  18:55  Zealot  
  108  18:56  Zealot x5  
  112  19:03  Archon x2  
  82  19:14  Zealot  
  82  19:15  Zealot x6  
  79  19:27  Stalker x4  
  79  19:28  Stalker  
  88  19:42  Probe  
  89  19:49  High Templar x4  
  89  19:52  Probe, Adept x2  
  99  19:53  Adept x2  
  102  20:03  Probe  
  93  20:13  Probe  
  87  20:16  Archon  
  87  20:20  Zealot x8  
  94  20:24  Probe  
  85  20:45  High Templar x3  
  85  20:49  Nexus  
  91  20:51  Zealot x2  
  91  20:52  Zealot x3  
  101  20:58  Disruptor  
  104  21:05  Probe  
  105  21:15  Probe  
  105  21:16  Stalker  
  105  21:17  Stalker x3  
  114  21:26  Pylon  
  114  21:29  High Templar  
  115  21:48  Disruptor  
  115  21:53  Disruptor  
  121  22:00  Stalker  
  123  22:01  Zealot x2  
  123  22:02  Zealot x3  
  133  22:16  Stalker x3  
  133  22:22  Stalker  
  141  22:41  Adept x8  
  157  22:54  Assimilator  
  157  22:58  Assimilator  
  110  23:35  Stalker, Pylon  
  110  23:36  Stalker x10  
  84  24:06  Zealot x5  
  84  24:07  Zealot x7  
  106  24:15  Disruptor x2 (Chrono Boost)  
  106  24:44  Zealot x5  
  106  24:45  High Templar x3  
  116  24:46  High Templar x2  
  122  24:59  Disruptor (Chrono Boost)  
  125  25:03  Zealot  
  125  25:04  Zealot x2  
  131  25:07  Disruptor (Chrono Boost)  
  131  25:13  Nexus  
  126  25:14  Pylon  
  116  25:25  Zealot x2  
  116  25:26  Adept x4  
  122  26:01  Zealot x2  
  122  26:02  Zealot  
  122  26:03  High Templar x2  
  122  26:04  Adept x2, Zealot x3  
  130  26:05  Adept x2  
  148  26:11  Colossus (Chrono Boost)  
  148  26:17  Colossus (Chrono Boost)  
  154  26:38  Zealot x3  
  154  26:39  Zealot x3  
  166  26:41  Adept x2  
  150  27:00  Colossus (Chrono Boost)  
  156  27:04  Stalker  
  158  27:27  Adept x3  
  158  27:28  Adept  
Tags
 
Composition
MMM Bio
Matchup
PvT
Replay Pack
MorN pack 2
Add a new tag
Caveats
  • Supply blocks, unpowered buildings, or Contaminate may cause inaccurate times.
  • Supply counts are checked every 10 seconds.